 Dungeon Crawl Stone Soup version 0.18-a0-1220-g2dc6208 (webtiles) character file.

96 Reinor the Sneak (level 4, -2/23 HPs)
             Began as a Spriggan Abyssal Knight on Feb 3, 2016.
             Was a Believer of Lugonu.
             Killed from afar by an orc wizard (6 damage)
             ... with a magic dart
             ... on level 3 of the Dungeon.
             The game lasted 00:05:30 (3293 turns).

Reinor the Sneak (Spriggan Abyssal Knight)          Turns: 3293, Time: 00:05:30

Health: -2/23      AC:  6    Str: 11    XL:     4   Next: 41%
Magic:  6/6        EV: 18    Int: 14    God:    Lugonu [**....]
Gold:   177        SH:  0    Dex: 15    Spells: 0 memorised, 3 levels left

rFire  . . .     SeeInvis +     a - +2 short sword
rCold  . . .     Gourm    .     b - +1 robe
rNeg   + . .     Faith    .     (shield restricted)
rPois  .         Spirit   .     (helmet restricted)
rElec  .         Dismiss  .     k - +2 cloak
rCorr  .         Reflect  .     (gloves unavailable)
SustAt .         Harm     .     (boots unavailable)
MR     .....                    (no amulet)
Stlth  +++.......               n - ring of positive energy
                                j - +3 ring of strength

@: lethally poisoned (-2 -> -4), very quick, not resistant to hostile
enchantments, fairly stealthy
A: unfitting armour, see invisible, herbivore 3, speed 3, slow metabolism 2
a: Depart the Abyss, Bend Space, Renounce Religion


You were on level 3 of the Dungeon.
You worshipped Lugonu.
Lugonu was pleased with you.
You were not hungry.

You visited 1 branch of the dungeon, and saw 3 of its levels.
You visited the Abyss 1 time.

You collected 177 gold pieces.

Inventory:

Hand Weapons
 a - a +2 short sword (weapon)
Armour
 b - a +1 robe (worn)
 k - a +2 cloak (worn)
Jewellery
 j - a +3 ring of strength (left hand)
 n - a ring of positive energy (right hand)
Scrolls
 g - 2 scrolls of immolation
Potions
 d - a potion of magic
 e - 3 potions of heal wounds
 i - a potion of poison {unknown}
 l - a potion of agility {unknown}
 m - a potion of flight {unknown}
Comestibles
 c - 2 bread rations
 f - 6 fruits


   Skills:
 - Level 2.4 Fighting
 + Level 3.5 Short Blades
 - Level 3.5 Dodging
 + Level 5.1 Stealth
 - Level 1.7 Invocations


You had 3 spell levels left.
You didn't know any spells.

Dungeon Overview and Level Annotations

Branches:
Dungeon (3/15)

Altars:

Annotations:
D:3 Grinder; Torax's ghost, amateur SpEn


Innate Abilities, Weirdness & Mutations

You are tiny and cannot use many weapons and most armour.
You have supernaturally acute eyesight.
You are a herbivore.
You cover ground extremely quickly.
You need consume almost no food.


Message History

The adder is severely wounded.
The adder bites you.
The orc wizard gestures wildly while chanting.
The orc wizard seems to speed up.
You miss the adder.
The adder is severely wounded.
The orc wizard mumbles some strange words.
The orc wizard blinks!
The adder closely misses you.
The orc wizard hits you but does no damage.
The adder closely misses you.
You closely miss the adder.
The adder is severely wounded.
The orc priest looks braver for a moment.
The orc wizard barely misses you. The adder bites you.
* * * LOW HITPOINT WARNING * * *
You miss the adder.
The adder is severely wounded.
The orc wizard casts a spell at you. The magic dart hits you!
You die...

#.#....?..#
#.#.......##########
#S#................#
#.##.....#########.#
#.##.....# #.### #.####.###
#W#.# # #.####.###
#.#.###.##
.........#########.#.......
.......#.##..5SS@o..).#
#§...o..#.o§######.#.##
#.o###.#.#### #.....## #.§#
#.#.# #......# #..# #.#.#
#..#.#.##### #..# #.#.
#.......<...# ..§. ..#.
##..#.#.###.# #5 ##.>...#
#. .......


You could see Grinder, an orc priest, an orc wizard and 2 adders.

Vanquished Creatures
  A gnoll (D:1)
  3 adders (D:2)
  2 worms (D:2)
  A giant gecko (D:1)
  3 giant cockroaches
  3 goblins
  10 hobgoblins
  4 jackals (D:2)
  5 ball pythons
  6 bats
  6 kobolds
  9 rats
  A fungus (D:2)
54 creatures vanquished.

Notes
Turn   | Place    | Note
--------------------------------------------------------------
     0 | Abyss:1  | Reinor the Spriggan Abyssal Knight began the quest for the Orb.
     0 | Abyss:1  | Reached XP level 1. HP: 11/11 MP: 3/3
   161 | Abyss:1  | Noticed a large abomination
   210 | Abyss:1  | Noticed a starcursed mass
   221 | D:1      | Escaped the Abyss
   792 | D:1      | Reached skill level 1 in Stealth
   923 | D:1      | Reached XP level 2. HP: 10/16 MP: 4/4
  1078 | D:1      | Reached * piety under Lugonu
  1738 | D:1      | Reached XP level 3. HP: 4/19 MP: 5/5
  2308 | D:2      | Reached skill level 4 in Stealth
  2655 | D:2      | Reached XP level 4. HP: 15/23 MP: 6/6
  2688 | D:2      | Reached ** piety under Lugonu
  2843 | D:2      | Reached skill level 5 in Stealth
  3229 | D:3      | Noticed Torax's ghost (amateur SpEn)
  3278 | D:3      | Noticed Grinder
  3293 | D:3      | Killed from afar by an orc wizard

Vault maps used:
D:1:      shiori_shiawase, hangedman_feature_mirror
D:2:      minmay_gold_behind_fungi, kennysheep_generic_room_8
D:3:      gammafunk_temple_overflow_elements, minmay_goblin_outpost,
          uniq_grinder, uniq_crazy_yiuf_cottage, uniq_natasha
Abyss:1:  hangedman_abyss_or_decor_stagger

Action                   |  1- 3 |  4- 6 || total
-------------------------+-------+-------++-------
Melee: Short sword       |   118 |    52 ||   170
Invok: Depart the Abyss  |     1 |       ||     1
  Use: Scroll            |    11 |       ||    11
       Potion            |     1 |     1 ||     2
 Stab: Sleeping          |     8 |     7 ||    15
